 Dungeon Crawl Stone Soup version 0.30-a0-802-gb92711bcdf (webtiles) character file.

Game seed: 16416918854325178791

2701 cforsyth the Covert (level 9, -13/57 HPs)
             Began as a Kobold Brigand on Feb 23, 2023.
             Was a Believer of Dithmenos.
             Killed from afar by a steam dragon (16 damage)
             ... with a ball of steam
             ... on level 8 of the Dungeon.
             The game lasted 00:11:50 (8300 turns).

cforsyth the Covert (Kobold Brigand)                Turns: 8300, Time: 00:11:51

Health: -13/57     AC:  4    Str:  8    XL:     9   Next: 97%
Magic:  9/9        EV: 25    Int: 12    God:    Dithmenos [**....]
Gold:   375        SH:  0    Dex: 21    Spells: 8/8 levels left

rFire   . . .      SeeInvis .    q - +2 dagger (elec)
rCold   . . .      Faith    .    (no shield)
rNeg    . . .      Spirit   .    b - +0 robe
rPois   .          Reflect  .    (no helmet)
rElec   .          Harm     .    c - +1 cloak
rCorr   +          Rampage  .    (no gloves)
Will    .....                    (no boots)
Stlth   ++++++++                 (no amulet)
HPRegen 0.29/turn                t - ring of resist corrosion
MPRegen 0.11/turn                E - +5 ring of evasion

@: wreathed by umbra
A: small, no large weapons, nightstalker 3
a: Renounce Religion, Shadow Step


You were on level 8 of the Dungeon.
You worshipped Dithmenos.
Dithmenos was pleased with you.
You visited 2 branches of the dungeon, and saw 9 of its levels.

You collected 375 gold pieces.

Inventory:

Hand Weapons
 a - a +2 dagger
 q - a +2 dagger of electrocution (weapon)
 K - a +4 great sword
 L - a +3 falchion of draining
Missiles
 d - 30 poisoned darts (quivered)
 e - 3 curare-tipped darts
 C - 2 throwing nets
Armour
 b - a +0 robe (worn)
 c - a +1 cloak (worn)
Jewellery
 t - a ring of resist corrosion (left hand)
 E - a +5 ring of evasion (right hand)
Wands
 s - a wand of light (2)
 M - a wand of polymorph (10)
Scrolls
 f - 3 scrolls of teleportation
 h - 2 scrolls of blinking
 j - a scroll of fog {unknown}
 m - a scroll of acquirement {unknown}
 u - a scroll of vulnerability {unknown}
 v - a scroll of torment
 B - a scroll of immolation
 H - a scroll of fear
 I - a scroll of brand weapon
Potions
 g - 5 potions of lignification
 i - 3 potions of heal wounds
 k - a potion of might
 l - 2 potions of brilliance
 p - 2 potions of attraction
 r - 2 potions of curing
 w - a potion of berserk rage
 x - a potion of resistance
 z - 2 potions of haste
 D - a potion of invisibility
 J - a potion of magic


   Skills:
 + Level 7.0 Fighting
 + Level 8.4 Short Blades
 - Level 4.8 Throwing
 + Level 7.3 Dodging
 + Level 10.3 Stealth


You had 8 spell levels left.
You didn't know any spells.
Your spell library contained the following spells:

 Spells                   Type           Power      Damage    Failure   Level
 Apportation              Tloc           0%         N/A       32%         1
 Necrotise                Necr           0%         1d4       32%         1
 Summon Small Mammal      Summ           0%         N/A       32%         1


Dungeon Overview and Level Annotations

Branches:
Dungeon (8/15)             Temple (1/1) D:4
   Lair: D:8-11

Altars:
Cheibriados
Dithmenos
Elyvilon
Fedhas
Gozag
Hepliaklqana
Kikubaaqudgha
Okawaru
Ru
Sif Muna
Uskayaw
Wu Jian
Xom
The Shining One

Shops:
D:4 *


Innate Abilities, Weirdness & Mutations

You are small and have problems with some larger weapons.
You are completely attuned to the shadows.


Message History

A steam dragon comes into view.
Found a metallic sapphire potion.
The steam dragon hisses angrily.
The steam dragon breathes steam at you. The ball of steam misses you.
You hear a shout!
You closely miss the steam dragon.
You are engulfed in a cloud of scalding steam.
You hit the steam dragon but do no damage.
You are engulfed in a cloud of scalding steam.
The steam dragon completely misses you. The steam dragon claws you.
You hit the steam dragon.
The steam dragon is lightly wounded.
You are engulfed in a cloud of scalding steam.
The steam dragon breathes steam at you. The ball of steam hits you!!
You hit the steam dragon.
The steam dragon is lightly wounded.
You are engulfed in a cloud of scalding steam.
You hit the steam dragon.
The steam dragon is moderately wounded.
You are engulfed in a cloud of scalding steam.
The steam dragon barely misses you. The steam dragon misses you.
You hit the steam dragon.
The steam dragon is moderately wounded.
You are engulfed in a cloud of scalding steam.
* * * LOW HITPOINT WARNING * * *
You hit the steam dragon.
Lightning courses through the steam dragon!
The steam dragon is almost dead.
You hear a zap.
You hear a grinding noise.
The steam dragon breathes steam at you. The ball of steam hits you!
* * * LOW HITPOINT WARNING * * *
You hit the steam dragon but do no damage.
The steam dragon is almost dead.
You are engulfed in a cloud of scalding steam.
The steam dragon breathes steam at you. The ball of steam hits you!
You die...

*,* *,* *,***,,* *,**
*,* *,****,***,,* *,,*
*,* *,,,,,,,,>,,* **,*
*,*******,,,**,** *,*
*,,,,,,,,,,.##,* *,*
*********,,...,* *,*
***#!#** *,* #.# *,*
*************###@#######
*,*
,,,,,,,,,,,,....D§§§...#
*,*
************#########..#
*,* #..# *,* #..# *,**
#..# *,,* #..# **,* #..#
*,* #..# *,*


You could see a steam dragon (catching breath).

Vanquished Creatures
  Sigmund (D:6)
  A wyvern (D:7)
  A steam dragon (D:5)
  An ice beast (D:6)
  An orc warrior (D:5)
  2 black bears (D:7)
  A sky beast (D:7)
  2 ogres
  2 phantoms
  A kobold brigand (D:6)
  A bullfrog (D:7)
  4 scorpions
  2 necrophages (D:6)
  4 wights (D:7)
  A howler monkey (D:7)
  3 hounds
  3 jellies
  4 orc priests
  3 iguanas (D:5)
  6 orc wizards
  2 gnolls (D:4)
  8 adders
  A shadow imp (D:6)
  3 white imps
  A worm (D:2)
  4 dart slugs
  21 orcs
  5 ball pythons
  5 endoplasms
  4 giant cockroaches
  5 hobgoblins
  2 jackals (D:4)
  3 quokkas
  7 bats
  A frilled lizard (D:3)
  12 goblins
  5 kobolds
  7 rats
140 creatures vanquished.

Vanquished Creatures (others)
  A plant (D:7)
1 creature vanquished.

Grand Total: 141 creatures vanquished

Notes
Turn   | Place    | Note
-------+----------+-------------------------------------------
     0 | D:1      | cforsyth the Kobold Brigand began the quest for the Orb.
     0 | D:1      | Reached XP level 1. HP: 12/12 MP: 1/1
   140 | D:1      | Reached XP level 2. HP: 18/18 MP: 2/2
   820 | D:2      | Reached XP level 3. HP: 22/22 MP: 3/3
  1668 | D:3      | You fall into a shaft and drop 1 floor!
  1795 | D:4      | Found Yntususm's Gadget Gallery.
  1927 | D:4      | Reached XP level 4. HP: 27/27 MP: 4/4
  2020 | D:4      | Found a staircase to the Ecumenical Temple.
  2047 | Temple   | Entered the Ecumenical Temple
  2052 | Temple   | Became a worshipper of Dithmenos the Shadowed
  2082 | D:4      | Noticed an ogre
  2086 | D:4      | Killed an ogre
  2087 | D:4      | Reached skill level 6 in Stealth
  2087 | D:4      | Reached XP level 5. HP: 32/32 MP: 5/5
  2362 | D:4      | Reached XP level 6. HP: 37/37 MP: 6/6
  2451 | D:4      | HP: 1/37 [phantom (6)]
  2463 | D:4      | HP: 2/57 [giant cockroach (2)]
  2892 | D:3      | Found an ancient bone altar of Kikubaaqudgha.
  3038 | D:3      | Reached XP level 7. HP: 15/42 MP: 7/7
  3227 | D:3      | Reached * piety under Dithmenos
  3286 | D:3      | Found a shimmering blue altar of Sif Muna.
  3668 | D:4      | Reached skill level 7 in Stealth
  3908 | D:4      | Found an iron altar of Okawaru.
  3939 | D:5      | Entered Level 5 of the Dungeon
  4024 | D:5      | Reached skill level 5 in Short Blades
  4186 | D:5      | Found a sacrificial altar of Ru.
  4616 | D:5      | Noticed a steam dragon
  4619 | D:5      | Killed a steam dragon
  4620 | D:5      | Reached XP level 8. HP: 43/48 MP: 8/8
  4904 | D:5      | Found an ornate altar of the Wu Jian Council.
  5216 | D:5      | Reached skill level 5 in Fighting
  5216 | D:5      | Reached skill level 8 in Stealth
  5228 | D:6      | Reached skill level 5 in Dodging
  5347 | D:6      | Reached ** piety under Dithmenos
  5536 | D:6      | Reached XP level 9. HP: 54/54 MP: 9/9
  5562 | D:6      | Found a white marble altar of Elyvilon.
  5850 | D:6      | Reached skill level 9 in Stealth
  5864 | D:6      | Found a glowing golden altar of the Shining One.
  6013 | D:6      | Noticed Sigmund
  6277 | D:6      | Killed Sigmund
  7584 | D:6      | Reached skill level 10 in Stealth
  7953 | D:7      | Found a snail-covered altar of Cheibriados.
  7955 | D:7      | Found an opulent altar of Gozag.
  7968 | D:7      | Found a shimmering altar of Xom.
  7968 | D:7      | Found a hide-covered altar of Uskayaw.
  8298 | D:8      | HP: 2/57 [steam dragon/ball of steam (13)]
  8300 | D:8      | Killed from afar by a steam dragon

Illustrated notes

Levels and vault maps discovered:
D:1:      heliophobic_arrival_enchanted_forest, layout_basic
D:2:      minmay_recursive_quarters, layout_loops_cross
D:3:      minmay_skewed_foursquare, layout_rooms, mainiacjoe_overflow_alcove_2,
          old_standard_altar
D:4:      layout_loops_corners, okawaru_altar_gauntlet_db,
          minmay_temple_entry_antechambers, hangedman_decor_clover_reticule,
          nicolae_shop_gadgets
D:5:      layout_basic, mainiacjoe_overflow_boulevard, nzn_wu_jian_council_hall,
          dk_noncrumbling_4
D:6:      minmay_inner_zag, layout_basic, mainiacjoe_overflow_surrounded_room,
          lemuel_doored_altar, uniq_sigmund
D:7:      layout_basic, mainiacjoe_overflow_alcove_3
D:8:      layout_loops_ring, uniq_maurice
Temple:   nicolae_temple_ecumenical_triangle

Skill      XL: |  1  2  3  4  5  6  7  8  9 |
---------------+----------------------------+-----
Short Blades   | 3 4 5 6 8 |  8.4
Dodging        | 2 3 4 5 7 |  7.3
Fighting       | 3 4 5 7 |  7.0
Throwing       | 3 4 |  4.8
Stealth        | 6 7 8 10 | 10.3

Action                     |  1- 3 |  4- 6 |  7- 9 || total
---------------------------+-------+-------+-------++-------
  Melee: Dagger            |    60 |   169 |   327 ||   556
         Punch             |     1 |     1 |     3 ||     5
    Use: Potion            |       |     3 |     1 ||     4
         Scroll            |       |       |    20 ||    20
   Stab: Sleeping          |    25 |    10 |    22 ||    57
         Distracted        |       |       |     3 ||     3
 Armour: Robe              |     9 |    24 |    22 ||    55
         Skin              |       |     8 |       ||     8
  Dodge: Dodged            |    23 |   117 |   207 ||   347

Table legend: (Time is in decaauts)
 A = Elapsed time spent in this place.
 B = Non-inter-level travel time spent in this place.
 C = Inter-level travel time spent in this place.
 D = Time resting spent in this place.
 E = Time spent auto-exploring this place.
 F = Levels seen in this place.
 G = Mean time per level.
                   A        B        C        D        E       F      G
               +--------+--------+--------+--------+--------+-----+--------+
         Total |   8155 |   7753 |    402 |    738 |   5806 |   9 |  906.1 |
       Dungeon |   8144 |   7747 |    397 |    738 |   5806 |   8 | 1018.0 |
        Temple |     10 |      5 |      5 |      0 |      0 |   1 |   10.0 |
               +--------+--------+--------+--------+--------+-----+--------+

Top non-repeatable levels by time:
     D:6: 1859 daAuts
     D:4: 1518 daAuts
     D:5: 1407 daAuts
     D:2: 955 daAuts
     D:7: 839 daAuts
     D:3: 765 daAuts
     D:1: 677 daAuts
     D:8: 122 daAuts
  Temple: 10 daAuts
